cohdb
Replays
Latest Replays
All Replays
Popular Replays
Top Player Replays
Match Explorer
How It Works
Community
CoH3 Stats
Reddit
Sign in to upload your games and track your stats! →
Sign in with Steam
Match 40180480
Unlisted
Match 40180480
Overview
Messages
Build Orders
End
Selects Canadian Shock Battlegroup
Construct Section Command Post
Infantry Section
Infantry Section
Dingo Light Scout Car
Infantry Section
Grenade Package
Selects Offensive Resupply
Construct Platoon Command Post
Selects Canadian Shock Section
Selects Incendiary Munitions
Vickers Machine Gun Team
Construct Field Infirmary
Selects Point Assault
Humber Armored Car
Construct Company Command Post
Crusader II Medium Tank
ML 3-inch Mortar Team
Point Assault
Royal Engineer Section
Armored Vehicle Training
Selects Pyrotechnics
Point Assault
Crusader II Medium Tank
MähnGiL
.Mercury-uK
Gravey
7sv7jhgu
B1t
Mr Freemon
SkyCurv
Battle Boy Springbridge Zhang
0
0
Comments
sign in to comment!
No comments posted yet!